[Event "XI Paracin Festival 2018"]
[Site "Paracin"]
[Date "2018.07.07"]
[Round "3"]
[White "Kadric, Denis"]
[Black "Djordjevic, Vuk"]
[Result "1-0"]
[ECO "B01"]
[WhiteElo "2509"]
[BlackElo "2403"]
[Annotator "ChessBase"]
[PlyCount "109"]
[EventDate "2018.07.06"]
[EventType "swiss"]
[EventCountry "SRB"]
[SourceTitle "playchess.com"]
[Source "ChessBase"]
[SourceQuality "1"]
[TimeControl "5400+30"]

1. e4 d5 2. exd5 Qxd5 3. Nf3 Bg4 4. Be2 Nc6 5. h3 Bxf3 6. Bxf3 Qe6+ 7. Qe2 Qxe2+ 8. Bxe2 O-O-O 9. c3 e5 10. d3 g6 11. Nd2 Bh6 12. Kd1 Nge7 13. Kc2 Nd5 14. Re1 f6 15. Bf1 Nce7 16. g3 Nf5 17. h4 c6 18. a4 Rhe8 19. a5 Nd6 20. Bg2 Kc7 21. h5 Re7 22. Ra4 f5 23. Rh1 Nf7 24. hxg6 hxg6 25. Rah4 Bg5 26. Rh7 Nf6 27. Rg7 Ng4 28. Rhh7 Nf6 29. Nf3 Nxh7 30. Nxg5 Nhxg5 31. Bxg5 Kd7 32. Bxe7 Kxe7 33. Rxg6 a6 34. Bh3 Nd6 35. Rh6 Rf8 36. Kb3 c5 37. Kc2 Rf7 38. Kd2 Rg7 39. Ke3 Rg5 40. Rh7+ Kd8 41. Bf1 Rg4 42. Bg2 f4+ 43. Kf3 Rg6 44. gxf4 Rf6 45. Bh3 Rxf4+ 46. Ke3 Nf7 47. Bg2 Kc8 48. Bd5 Nd6 49. Be6+ Kb8 50. Rd7 Nb5 51. Bc4 Nc7 52. Rd8+ Ka7 53. Rc8 Na8 54. Rxc5 Rf5 55. b4 1-0

[Event "XI Paracin Festival 2018"]
[Site "Paracin"]
[Date "2018.07.07"]
[Round "3"]
[White "Damljanovic, Branko"]
[Black "Peng, Shunkai"]
[Result "1/2-1/2"]
[ECO "A06"]
[WhiteElo "2499"]
[BlackElo "2390"]
[Annotator "ChessBase"]
[PlyCount "139"]
[EventDate "2018.07.06"]
[EventType "swiss"]
[EventCountry "SRB"]
[SourceTitle "playchess.com"]
[Source "ChessBase"]
[SourceQuality "1"]
[TimeControl "5400+30"]

1. Nf3 d5 2. g3 Nf6 3. Bg2 e6 4. O-O Be7 5. c4 d4 6. e3 c5 7. exd4 cxd4 8. d3 Nc6 9. Re1 O-O 10. Na3 Re8 11. Nc2 Bf8 12. a3 a5 13. Bg5 h6 14. Bxf6 Qxf6 15. Qd2 a4 16. Re4 Bc5 17. Rae1 Bd7 18. Ne5 Nxe5 19. Rxe5 Qe7 20. Nb4 Qd6 21. Bxb7 Ra7 22. Na6 f6 23. Rh5 e5 24. Nxc5 Qxc5 25. Bd5+ Be6 26. Bxe6+ Rxe6 27. f4 Rae7 28. fxe5 fxe5 29. Qg2 Qb6 30. Qd5 Kh8 31. Rf5 Re8 32. Ref1 Kh7 33. Rf8 Rxf8 34. Rxf8 Qc6 35. Qxc6 Rxc6 36. Re8 Rb6 37. Rxe5 Rxb2 38. Rd5 Ra2 39. Rxd4 Rxa3 40. Kf2 Ra2+ 41. Ke3 Rxh2 42. Rd6 Rg2 43. Kf3 Rd2 44. c5 a3 45. Ke3 Rc2 46. d4 Rc3+ 47. Kd2 Rc4 48. Ra6 Rxd4+ 49. Kc3 Rd1 50. Rxa3 Kg6 51. Kc4 Kf5 52. c6 Rc1+ 53. Kd5 Kg4 54. Kd6 g5 55. c7 h5 56. Ra5 Rxc7 57. Kxc7 h4 58. gxh4 gxh4 59. Kd6 h3 60. Ke5 h2 61. Ra1 Kg3 62. Kf5 Kg2 63. Ra2+ Kg3 64. Ra1 Kg2 65. Kg4 h1=Q 66. Ra2+ Kf1 67. Ra1+ Kg2 68. Ra2+ Kf1 69. Ra1+ Kg2 70. Ra2+ 1/2-1/2

[Event "XI Paracin Festival 2018"]
[Site "Paracin"]
[Date "2018.07.07"]
[Round "3"]
[White "Yilmazyerli, Mert"]
[Black "Dimitrov, Vladimir"]
[Result "1/2-1/2"]
[ECO "E15"]
[WhiteElo "2491"]
[BlackElo "2308"]
[Annotator "ChessBase"]
[PlyCount "39"]
[EventDate "2018.07.06"]
[EventType "swiss"]
[EventCountry "SRB"]
[SourceTitle "playchess.com"]
[Source "ChessBase"]
[SourceQuality "1"]
[TimeControl "5400+30"]

1. d4 Nf6 2. Nf3 e6 3. c4 b6 4. g3 Ba6 5. Qc2 Bb7 6. Bg2 c5 7. d5 exd5 8. cxd5 Nxd5 9. O-O Be7 10. Rd1 Qc8 11. Qf5 Nf6 12. Nc3 O-O 13. e4 d6 14. Qxc8 Rxc8 15. Nh4 Ne8 16. Nf5 Bf8 17. Bf4 Nc6 18. Nb5 Ne5 19. Nbxd6 Nxd6 20. Bxe5 1/2-1/2

[Event "XI Paracin Festival 2018"]
[Site "Paracin"]
[Date "2018.07.07"]
[Round "3"]
[White "Asadli, Vugar"]
[Black "Tomic, Aleksandar"]
[Result "1-0"]
[ECO "A05"]
[WhiteElo "2478"]
[BlackElo "2347"]
[Annotator "ChessBase"]
[PlyCount "63"]
[EventDate "2018.07.06"]
[EventType "swiss"]
[EventCountry "SRB"]
[SourceTitle "playchess.com"]
[Source "ChessBase"]
[SourceQuality "1"]
[TimeControl "5400+30"]

1. Nf3 Nf6 2. g3 b6 3. Bg2 Bb7 4. O-O e6 5. c4 Be7 6. b3 O-O 7. Bb2 c5 8. e3 d5 9. Nc3 Nc6 10. d3 Qc7 11. Qe2 Rac8 12. Nh4 dxc4 13. bxc4 Rfd8 14. f4 Nb4 15. Rad1 Bxg2 16. Nxg2 a6 17. a3 Nc6 18. g4 Rb8 19. a4 Nb4 20. h4 Rd7 21. g5 Ne8 22. Ne1 Rbd8 23. Rf2 Nd6 24. Nf3 f6 25. Rg2 Nf5 26. Ne4 Nxd3 27. Rxd3 Rxd3 28. gxf6 Bf8 29. Ne5 Rxe3 30. Qh5 Rd7 31. fxg7 Rxg7 32. Nf6+ 1-0

[Event "XI Paracin Festival 2018"]
[Site "Paracin"]
[Date "2018.07.07"]
[Round "3"]
[White "Milanovic, Danilo"]
[Black "Jocev, Milan"]
[Result "1-0"]
[ECO "D00"]
[WhiteElo "2471"]
[BlackElo "2256"]
[Annotator "ChessBase"]
[PlyCount "93"]
[EventDate "2018.07.06"]
[EventType "swiss"]
[EventCountry "SRB"]
[SourceTitle "playchess.com"]
[Source "ChessBase"]
[SourceQuality "1"]
[TimeControl "5400+30"]

1. d4 d5 2. Bf4 Nf6 3. e3 c5 4. c3 Nc6 5. Nd2 Bf5 6. Qb3 Qc8 7. a4 e6 8. h3 Be7 9. Ngf3 cxd4 10. exd4 O-O 11. Be2 Ne4 12. O-O Bd6 13. Bxd6 Nxd6 14. Nh4 Qc7 15. Nxf5 Nxf5 16. Bd3 Qf4 17. Rad1 b6 18. Qc2 Nce7 19. Nf3 Rac8 20. Rde1 h6 21. Qe2 Ng6 22. Bc2 Nfh4 23. Nxh4 Nxh4 24. Qd3 g6 25. Re5 Qf6 26. Qe3 Kg7 27. f4 h5 28. g4 hxg4 29. hxg4 Rh8 30. Qg3 Rcg8 31. Kf2 Qe7 32. Ke1 f6 33. Re2 Qd6 34. Qe3 Re8 35. Kd1 a5 36. Bd3 Re7 37. Qf2 Kf8 38. Bb5 Reh7 39. Rfe1 Re7 40. Kc2 Kg7 41. Rh1 g5 42. fxg5 fxg5 43. Re5 Ng6 44. Rxh8 Kxh8 45. Qf6+ Rg7 46. Rxg5 Qh2+ 47. Kb3 1-0

[Event "XI Paracin Festival 2018"]
[Site "Paracin"]
[Date "2018.07.07"]
[Round "3"]
[White "Kosic, Dragan"]
[Black "Nestorovic, Dejan"]
[Result "1/2-1/2"]
[ECO "A46"]
[WhiteElo "2463"]
[BlackElo "2341"]
[Annotator "ChessBase"]
[PlyCount "89"]
[EventDate "2018.07.06"]
[EventType "swiss"]
[EventCountry "SRB"]
[SourceTitle "playchess.com"]
[Source "ChessBase"]
[SourceQuality "1"]
[TimeControl "5400+30"]

1. d4 Nf6 2. Nf3 e6 3. Bf4 c5 4. e3 d5 5. Nbd2 Nc6 6. c3 Bd6 7. Bg3 O-O 8. Bd3 b6 9. Qe2 Bb7 10. Rd1 c4 11. Bb1 Ne7 12. e4 dxe4 13. Ng5 b5 14. Ndxe4 Nxe4 15. Nxe4 Bxe4 16. Qxe4 g6 17. Bh4 Qc7 18. Bg5 Nd5 19. h4 Rfe8 20. h5 Bf4 21. hxg6 hxg6 22. Bxf4 Qxf4 23. Qe5 Qf6 24. Be4 Rad8 25. Qxf6 Nxf6 26. Bc6 Re7 27. Bxb5 Rb8 28. Bxc4 Rxb2 29. Rd2 Rb1+ 30. Rd1 Rb2 31. Rh3 Rc7 32. Bb3 Ne4 33. Re3 Nxc3 34. Rc1 Nd5 35. Rxc7 Nxc7 36. Rc3 Nd5 37. Bxd5 exd5 38. Ra3 Rb4 39. Rxa7 Rxd4 40. a4 Rb4 41. a5 Ra4 42. a6 Kg7 43. Ra8 Ra2 44. a7 d4 45. Rd8 1/2-1/2

[Event "XI Paracin Festival 2018"]
[Site "Paracin"]
[Date "2018.07.07"]
[Round "3"]
[White "Ikeda, Junta"]
[Black "Parnali, S Dharia"]
[Result "1/2-1/2"]
[ECO "D34"]
[WhiteElo "2437"]
[BlackElo "2170"]
[Annotator "NA"]
[PlyCount "57"]
[EventDate "2018.07.06"]
[EventType "swiss"]
[EventCountry "SRB"]
[SourceTitle "playchess.com"]
[Source "ChessBase"]
[SourceQuality "1"]
[TimeControl "5400+30"]

1. Nf3 Nf6 2. g3 d5 3. Bg2 e6 4. c4 c5 5. cxd5 exd5 6. d4 Nc6 7. O-O Be7 8. Nc3 O-O 9. Bg5 c4 10. Ne5 Be6 11. e3 Qa5 12. f4 Rad8 13. f5 Bc8 14. Bxf6 Bxf6 15. Ng4 Ne7 16. Nxf6+ gxf6 17. Qh5 Qb6 18. Rab1 Kh8 19. Rf4 Rg8 20. Bh3 Rg7 21. Qe2 Qc6 22. Qd2 b5 23. Ne2 Qb6 24. Rbf1 Rg5 25. g4 b4 26. Ng3 Ba6 27. Rc1 Rgg8 28. Bg2 Rc8 29. Qf2 1/2-1/2

[Event "XI Paracin Festival 2018"]
[Site "Paracin"]
[Date "2018.07.07"]
[Round "3"]
[White "Radovanovic, Nikola"]
[Black "Perunovic, Milos"]
[Result "1/2-1/2"]
[ECO "D00"]
[WhiteElo "2425"]
[BlackElo "2596"]
[Annotator "ChessBase"]
[PlyCount "64"]
[EventDate "2018.07.06"]
[EventType "swiss"]
[EventCountry "SRB"]
[SourceTitle "playchess.com"]
[Source "ChessBase"]
[SourceQuality "1"]
[TimeControl "5400+30"]

1. d4 d5 2. Bf4 c5 3. e3 Nc6 4. Nf3 cxd4 5. exd4 Bf5 6. c3 e6 7. Nbd2 Bd6 8. Bg3 Nf6 9. Be2 h6 10. O-O O-O 11. Re1 Ne4 12. Bxd6 Nxd6 13. h3 Rc8 14. Nb3 a5 15. Bd3 Bxd3 16. Qxd3 Nc4 17. Rab1 b6 18. Nbd2 Nd6 19. Ne5 Nxe5 20. Rxe5 Rc7 21. Re3 Qf6 22. Rf3 Qe7 23. a4 Rb8 24. Ra1 Qe8 25. Re3 b5 26. axb5 Rxb5 27. b3 Qc8 28. Ra4 Qd7 29. Qc2 Nf5 30. Rd3 Rc8 31. Qa2 Qc7 32. g3 Rcb8 1/2-1/2

[Event "XI Paracin Festival 2018"]
[Site "Paracin"]
[Date "2018.07.07"]
[Round "3"]
[White "Gadimbayli, Abdulla"]
[Black "Savanovic, Vuk"]
[Result "1-0"]
[ECO "B31"]
[WhiteElo "2420"]
[BlackElo "2294"]
[Annotator "NA"]
[PlyCount "103"]
[EventDate "2018.07.06"]
[EventType "swiss"]
[EventCountry "SRB"]
[SourceTitle "playchess.com"]
[Source "ChessBase"]
[SourceQuality "1"]
[TimeControl "5400+30"]

1. e4 c5 2. Nf3 Nc6 3. Bb5 g6 4. Bxc6 dxc6 5. d3 Bg7 6. h3 Qc7 7. O-O e5 8. Be3 b6 9. a3 a5 10. Nbd2 Ne7 11. Nc4 a4 12. b3 Ba6 13. Nfd2 Nc8 14. bxa4 Bxc4 15. Nxc4 Rxa4 16. Qb1 O-O 17. Qb3 Ra6 18. Rfb1 Re8 19. a4 Qa7 20. Ra3 Bf8 21. Qb2 Rxa4 22. Rxa4 Qxa4 23. Ra1 Qb4 24. Qxb4 cxb4 25. Ra8 Nd6 26. Rxe8 Nxe8 27. Nxe5 c5 28. Nd7 Nc7 29. Nxb6 Ne6 30. Na4 f6 31. Kf1 g5 32. Ke2 Bd6 33. Kf3 Kf7 34. h4 h5 35. hxg5 fxg5 36. e5 Bxe5 37. Nxc5 g4+ 38. Ke4 h4 39. Nxe6 Kxe6 40. f4 gxf3 41. Kxf3 Kf5 42. Bc5 Bc3 43. Be7 Be1 44. Ke2 Ke6 45. Kxe1 Kxe7 46. Ke2 Ke6 47. d4 Kd6 48. Ke3 Ke6 49. Ke4 Kd6 50. d5 Kd7 51. Kd4 Kc7 52. Ke5 1-0

[Event "XI Paracin Festival 2018"]
[Site "Paracin"]
[Date "2018.07.07"]
[Round "3"]
[White "Abramovic, Bosko"]
[Black "Matovic, Mihajlo Z"]
[Result "1-0"]
[ECO "E09"]
[WhiteElo "2409"]
[BlackElo "2256"]
[Annotator "NA"]
[PlyCount "68"]
[EventDate "2018.07.06"]
[EventType "swiss"]
[EventCountry "SRB"]
[SourceTitle "playchess.com"]
[Source "ChessBase"]
[SourceQuality "1"]
[TimeControl "5400+30"]

1. d4 Nf6 2. g3 d5 3. Bg2 e6 4. Nf3 Be7 5. O-O O-O 6. c4 Nbd7 7. Qc2 c6 8. Nbd2 b6 9. e4 Bb7 10. b3 Rc8 11. Bb2 c5 12. exd5 exd5 13. dxc5 Nxc5 14. Rad1 Qe8 15. Ng5 Ncd7 16. Rfe1 h6 17. Nh3 Qd8 18. Nf4 Rc7 19. Qf5 dxc4 20. Bxb7 c3 21. Bxc3 Rxb7 22. Ne4 Qc8 23. Re3 Nxe4 24. Qxe4 Nc5 25. Qf3 Bg5 26. Bb4 Rd7 27. Rxd7 Qxd7 28. Bxc5 bxc5 29. Rd3 Qf5 30. Nd5 Qe5 31. h4 Bd8 32. Kg2 Qa1 33. Qe2 Ba5 34. Rd1 Bd8 1-0

[Event "XI Paracin Festival 2018"]
[Site "Paracin"]
[Date "2018.07.07"]
[Round "3"]
[White "Rahul, Srivatshav P"]
[Black "Winkelman, Albert"]
[Result "1-0"]
[ECO "A08"]
[WhiteElo "2397"]
[BlackElo "2183"]
[Annotator "NA"]
[PlyCount "49"]
[EventDate "2018.07.06"]
[EventType "swiss"]
[EventCountry "SRB"]
[SourceTitle "playchess.com"]
[Source "ChessBase"]
[SourceQuality "1"]
[TimeControl "5400+30"]

1. Nf3 Nf6 2. g3 d5 3. Bg2 e6 4. O-O Be7 5. d3 O-O 6. Nbd2 c5 7. e4 Nc6 8. Re1 Qc7 9. e5 Nd7 10. Qe2 b6 11. Nf1 Bb7 12. Bf4 Rfc8 13. h4 d4 14. N1h2 Nb4 15. Ng5 Bxg2 16. Kxg2 c4 17. Rad1 cxd3 18. cxd3 h6 19. Ne4 Nd5 20. Qh5 Nc5 21. Bxh6 gxh6 22. Ng4 Bf8 23. Nxh6+ Bxh6 24. Qxh6 Qb7 25. Kg1 1-0

[Event "XI Paracin Festival 2018"]
[Site "Paracin"]
[Date "2018.07.07"]
[Round "3"]
[White "Wadsworth, Matthew J"]
[Black "Cvetkovic, Srdjan"]
[Result "1-0"]
[ECO "A14"]
[WhiteElo "2377"]
[BlackElo "2262"]
[Annotator "NA"]
[PlyCount "111"]
[EventDate "2018.07.06"]
[EventType "swiss"]
[EventCountry "SRB"]
[SourceTitle "playchess.com"]
[Source "ChessBase"]
[SourceQuality "1"]
[TimeControl "5400+30"]

1. c4 e6 2. g3 d5 3. Bg2 Nf6 4. Nf3 Be7 5. O-O O-O 6. b3 c5 7. Bb2 Nc6 8. e3 b6 9. Nc3 Bb7 10. cxd5 Nxd5 11. Nxd5 Qxd5 12. d4 Rad8 13. Ne5 Qd6 14. dxc5 Qxc5 15. Nd7 Qg5 16. h4 Qh6 17. Rc1 e5 18. Qg4 Rfe8 19. Rfd1 Ba8 20. Nxe5 Nxe5 21. Bxe5 Bxg2 22. Kxg2 Rxd1 23. Rxd1 Qc6+ 24. Qf3 Qe6 25. Qd5 Bf6 26. Qxe6 Rxe6 27. Bb8 a6 28. Rd6 h5 29. Rxe6 fxe6 30. Kf3 Kf7 31. Ke4 g6 32. Bc7 b5 33. Be5 Bd8 34. Bc3 Be7 35. Be1 Bf6 36. Kd3 Be5 37. Bc3 Bc7 38. Bb4 Be5 39. e4 Bf6 40. Bc5 Ke8 41. Bd4 Be7 42. Ke3 Kf7 43. Kf4 Bd6+ 44. Kg5 Be7+ 45. Kh6 Bf8+ 46. Kh7 Bb4 47. Be3 Bd6 48. Bd2 Bc5 49. Be1 Bd4 50. f3 Be3 51. g4 Bf4 52. Bf2 Bd2 53. Bb6 Bf4 54. gxh5 gxh5 55. Bd8 Be3 56. Bg5 1-0

[Event "XI Paracin Festival 2018"]
[Site "Paracin"]
[Date "2018.07.07"]
[Round "3"]
[White "Harvey, Marcus R"]
[Black "Lorparizangeneh, Shahin"]
[Result "1/2-1/2"]
[ECO "A04"]
[WhiteElo "2362"]
[BlackElo "2493"]
[Annotator "ChessBase"]
[PlyCount "96"]
[EventDate "2018.07.06"]
[EventType "swiss"]
[EventCountry "SRB"]
[SourceTitle "playchess.com"]
[Source "ChessBase"]
[SourceQuality "1"]
[TimeControl "5400+30"]

1. Nf3 c5 2. b3 d5 3. e3 a6 4. Bb2 Nc6 5. Be2 Nf6 6. O-O g6 7. d4 cxd4 8. Nxd4 Bg7 9. c4 O-O 10. cxd5 Nxd4 11. Qxd4 Qxd5 12. Bf3 Qxd4 13. Bxd4 Nd7 14. Bxg7 Kxg7 15. Nc3 Ne5 16. Rfd1 Nxf3+ 17. gxf3 Be6 18. Ne4 Rfd8 19. Rxd8 Rxd8 20. Rc1 Bf5 21. Kg2 Bxe4 22. fxe4 Rd2 23. Rc7 Rxa2 24. Rxe7 b5 25. e5 Kf8 26. Ra7 h6 27. b4 Rb2 28. Rxa6 Rxb4 29. Rb6 Rb1 30. h4 h5 31. e6 fxe6 32. Rxe6 Kf7 33. Rb6 b4 34. f4 b3 35. Kf3 b2 36. Ke4 Kg7 37. Rb5 Kf7 38. Ke5 Re1 39. Rb7+ Kg8 40. Rxb2 Rxe3+ 41. Kf6 Rg3 42. Rb8+ Kh7 43. Rb7+ Kh8 44. Kf7 Rg4 45. Ra7 Kh7 46. Kf8+ Kh8 47. Kf7 Kh7 48. Kf8+ Kh8 1/2-1/2

[Event "XI Paracin Festival 2018"]
[Site "Paracin"]
[Date "2018.07.07"]
[Round "3"]
[White "Radovic, Luka"]
[Black "Tan, Justin"]
[Result "0-1"]
[ECO "A04"]
[WhiteElo "2344"]
[BlackElo "2481"]
[Annotator "ChessBase"]
[PlyCount "132"]
[EventDate "2018.07.06"]
[EventType "swiss"]
[EventCountry "SRB"]
[SourceTitle "playchess.com"]
[Source "ChessBase"]
[SourceQuality "1"]
[TimeControl "5400+30"]

1. Nf3 c5 2. c4 Nc6 3. g3 g6 4. Bg2 Bg7 5. O-O d6 6. Nc3 e6 7. a3 Nge7 8. Rb1 O-O 9. d3 b6 10. Bd2 Bb7 11. b4 Qd7 12. e3 Rac8 13. Qa4 Ba8 14. Rfc1 Rfd8 15. Nb5 Bb7 16. Qd1 Rb8 17. Bc3 Ne5 18. Ba1 Nxf3+ 19. Bxf3 Bxa1 20. Rxa1 d5 21. Qe2 d4 22. exd4 a6 23. Nc3 Qxd4 24. Bxb7 Rxb7 25. Ne4 Qxd3 26. Qxd3 Rxd3 27. bxc5 Rd4 28. f3 bxc5 29. Nxc5 Rb2 30. Rab1 Rxb1 31. Rxb1 Rxc4 32. Nxa6 Ra4 33. Rb8+ Kg7 34. Rb7 Rxa6 35. Rxe7 Rxa3 36. f4 Ra2 37. Rb7 h6 38. Rb5 Kf6 39. Rb4 Kf5 40. Rb7 f6 41. Rb5+ Kg4 42. Rb6 Re2 43. Kf1 Kf3 44. Rb3+ Re3 45. Rb2 h5 46. Rf2+ Ke4 47. Kg2 Kd3 48. Kf1 Ke4 49. Kg2 g5 50. fxg5 fxg5 51. Ra2 e5 52. Ra4+ Kf5 53. Ra2 Rd3 54. Kf2 h4 55. gxh4 gxh4 56. Rb2 Kf4 57. Ra2 e4 58. Rb2 h3 59. Ke2 Ra3 60. Kf2 Ra1 61. Rb8 Ra2+ 62. Kg1 Kf3 63. Rb1 Rg2+ 64. Kh1 Rd2 65. Re1 e3 66. Kg1 e2 0-1

[Event "XI Paracin Festival 2018"]
[Site "Paracin"]
[Date "2018.07.07"]
[Round "3"]
[White "Raja, Rithvik R"]
[Black "Tugstumur, Yesuntumur"]
[Result "1-0"]
[ECO "E69"]
[WhiteElo "2343"]
[BlackElo "2116"]
[Annotator "NA"]
[PlyCount "115"]
[EventDate "2018.07.06"]
[EventType "swiss"]
[EventCountry "SRB"]
[SourceTitle "playchess.com"]
[Source "ChessBase"]
[SourceQuality "1"]
[TimeControl "5400+30"]

1. Nf3 Nf6 2. c4 g6 3. g3 Bg7 4. Bg2 O-O 5. O-O d6 6. d4 Nbd7 7. Nc3 e5 8. e4 c6 9. h3 Qa5 10. Re1 exd4 11. Nxd4 Ne5 12. Bf1 Qb6 13. Kg2 c5 14. Nc2 Be6 15. b3 Nfd7 16. Nd5 Bxd5 17. exd5 f5 18. Rb1 Nf6 19. Bb2 Rae8 20. b4 cxb4 21. Bxe5 dxe5 22. Nxb4 Ne4 23. Nd3 Qd4 24. Rxb7 f4 25. Qa1 f3+ 26. Kg1 Qxa1 27. Rxa1 Nd6 28. Rxa7 e4 29. Rxg7+ Kxg7 30. Nf4 Kf6 31. c5 Nf5 32. d6 Rc8 33. Nd5+ Ke6 34. Nc7+ Rxc7 35. dxc7 Rc8 36. a4 Rxc7 37. a5 Kd5 38. a6 Ra7 39. Rb1 Nd4 40. Re1 g5 41. g4 Ne6 42. c6 Nd4 43. Rd1 Rc7 44. Kh2 Ke5 45. Rc1 Ne6 46. Rb1 Kd6 47. Rb7 Kxc6 48. Bb5+ Kc5 49. a7 Rxb7 50. a8=Q Rxb5 51. Qc8+ Kd6 52. Qa6+ Kc5 53. Qxe6 Kd4 54. Qf6+ Kd3 55. Qa6 Kc4 56. Qc6+ Kb4 57. Qxe4+ Ka5 58. Qxh7 1-0

[Event "XI Paracin Festival 2018"]
[Site "Paracin"]
[Date "2018.07.07"]
[Round "3"]
[White "Eric, Jovana"]
[Black "Atalik, Suat"]
[Result "0-1"]
[ECO "C11"]
[WhiteElo "2342"]
[BlackElo "2512"]
[Annotator "ChessBase"]
[PlyCount "82"]
[EventDate "2018.07.06"]
[EventType "swiss"]
[EventCountry "SRB"]
[SourceTitle "playchess.com"]
[Source "ChessBase"]
[SourceQuality "1"]
[TimeControl "5400+30"]

1. e4 e6 2. d4 d5 3. Nc3 Nf6 4. e5 Nfd7 5. f4 c5 6. Nf3 Nc6 7. Be3 Be7 8. Qd2 O-O 9. Be2 b6 10. O-O f5 11. Nd1 cxd4 12. Nxd4 Nxd4 13. Bxd4 Nc5 14. Nf2 Bb7 15. c3 Qc8 16. Rfe1 Ba6 17. Bf3 Qe8 18. Qe3 Rd8 19. Kh1 Qg6 20. b4 Rc8 21. Rg1 Ne4 22. a4 Bc4 23. a5 Bd8 24. Nh3 bxa5 25. Bxa7 axb4 26. cxb4 Be7 27. Rgb1 Qe8 28. Qb6 Qd7 29. Bxe4 fxe4 30. Qd4 h6 31. Bb6 Rf7 32. Ra7 Qc6 33. Ra5 Bd3 34. b5 Qe8 35. Rb2 Rc1+ 36. Ng1 Rxf4 37. Qa4 Qh5 38. h3 Rff1 39. Ra8+ Kh7 40. Be3 Rxg1+ 41. Bxg1 Bc5 0-1

[Event "XI Paracin Festival 2018"]
[Site "Paracin"]
[Date "2018.07.07"]
[Round "3"]
[White "Kathmale, Sameer"]
[Black "Fernandez, Daniel Howard"]
[Result "1/2-1/2"]
[ECO "B22"]
[WhiteElo "2323"]
[BlackElo "2477"]
[Annotator "ChessBase"]
[PlyCount "57"]
[EventDate "2018.07.06"]
[EventType "swiss"]
[EventCountry "SRB"]
[SourceTitle "playchess.com"]
[Source "ChessBase"]
[SourceQuality "1"]
[TimeControl "5400+30"]

1. e4 c5 2. c3 d6 3. d4 Nd7 4. Nf3 e6 5. Bd3 a6 6. O-O Be7 7. a4 Ngf6 8. Re1 cxd4 9. cxd4 e5 10. Nc3 O-O 11. a5 exd4 12. Nxd4 Ne5 13. h3 Re8 14. Bf1 Nc6 15. Nxc6 bxc6 16. Be3 c5 17. Bg5 h6 18. Bh4 Be6 19. Bg3 d5 20. exd5 Nxd5 21. Nxd5 Qxd5 22. Qxd5 Bxd5 23. Rad1 Be6 24. Bd6 Bxd6 25. Rxd6 Reb8 26. Rc1 c4 27. Bxc4 Bxc4 28. Rxc4 Rxb2 29. Rcc6 1/2-1/2

[Event "XI Paracin Festival 2018"]
[Site "Paracin"]
[Date "2018.07.07"]
[Round "3"]
[White "Cvetkovic, Nemanja"]
[Black "Harsha, Bharathakoti"]
[Result "0-1"]
[ECO "D37"]
[WhiteElo "2278"]
[BlackElo "2465"]
[Annotator "ChessBase"]
[PlyCount "66"]
[EventDate "2018.07.06"]
[EventType "swiss"]
[EventCountry "SRB"]
[SourceTitle "playchess.com"]
[Source "ChessBase"]
[SourceQuality "1"]
[TimeControl "5400+30"]

1. d4 Nf6 2. c4 e6 3. Nf3 d5 4. Nc3 a6 5. cxd5 exd5 6. Bg5 Be6 7. e3 Nbd7 8. Bd3 Bd6 9. O-O O-O 10. Qc2 h6 11. Bf4 Qe7 12. h3 Rac8 13. Ne5 c5 14. Nxd7 Nxd7 15. Bxd6 Qxd6 16. dxc5 Rxc5 17. Rfd1 Rfc8 18. Be2 Qc7 19. Rd4 Ne5 20. Rad1 Qe7 21. Qb3 Nc6 22. Nxd5 Qg5 23. R4d2 Na5 24. Qa4 Bxd5 25. Bg4 Bc6 26. Qd4 Rc4 27. Qb6 Rxg4 28. hxg4 Nc4 29. Rd8+ Kh7 30. Qd4 Rxd8 31. Qxd8 Qxg4 32. Qd3+ f5 33. f3 Bxf3 0-1

[Event "XI Paracin Festival 2018"]
[Site "Paracin"]
[Date "2018.07.07"]
[Round "3"]
[White "Popovic, Milan S"]
[Black "Atakisi, Umut"]
[Result "1/2-1/2"]
[ECO "B27"]
[WhiteElo "2264"]
[BlackElo "2390"]
[Annotator "NA"]
[PlyCount "58"]
[EventDate "2018.07.06"]
[EventType "swiss"]
[EventCountry "SRB"]
[SourceTitle "playchess.com"]
[Source "ChessBase"]
[SourceQuality "1"]
[TimeControl "5400+30"]

1. e4 c5 2. Nf3 g6 3. g3 Bg7 4. Bg2 Nc6 5. O-O d6 6. c3 e5 7. d3 Nge7 8. a3 O-O 9. b4 h6 10. Bb2 Be6 11. b5 Na5 12. c4 b6 13. Nfd2 Qd7 14. Nc3 Rae8 15. a4 f5 16. f3 h5 17. Nb3 fxe4 18. fxe4 Rxf1+ 19. Bxf1 Bh6 20. Bc1 Nxb3 21. Qxb3 Bxc1 22. Rxc1 Kg7 23. Qa2 h4 24. Bg2 hxg3 25. hxg3 Rh8 26. Rf1 Nc8 27. Qf2 Qe7 28. Qe3 Kg8 29. Rf2 Rh5 1/2-1/2

[Event "XI Paracin Festival 2018"]
[Site "Paracin"]
[Date "2018.07.07"]
[Round "3"]
[White "Popovic, Aleksandar M"]
[Black "Stankovic, Milos"]
[Result "0-1"]
[ECO "A05"]
[WhiteElo "2264"]
[BlackElo "2420"]
[Annotator "NA"]
[PlyCount "66"]
[EventDate "2018.07.06"]
[EventType "swiss"]
[EventCountry "SRB"]
[SourceTitle "playchess.com"]
[Source "ChessBase"]
[SourceQuality "1"]
[TimeControl "5400+30"]

1. Nf3 Nf6 2. g3 g6 3. b3 d5 4. Bb2 Bg7 5. c4 c6 6. Bg2 O-O 7. O-O Nbd7 8. d3 Re8 9. Nc3 e5 10. cxd5 cxd5 11. Rc1 Qa5 12. a3 Bh6 13. b4 Qa6 14. Nd2 d4 15. Ncb1 Nb6 16. Rc5 Nbd7 17. Ra5 Qe6 18. Nc4 a6 19. b5 b6 20. Bxa8 bxa5 21. Bc6 axb5 22. Nxa5 Ba6 23. Bg2 Rc8 24. Nd2 Nb6 25. Ndb3 Na4 26. Bc1 Nc3 27. Qe1 Bf8 28. Qd2 Qb6 29. e3 Bh6 30. Qe1 Nfd5 31. exd4 Bxc1 32. Qxe5 Bh6 33. Bxd5 Bg7 0-1

[Event "XI Paracin Festival 2018"]
[Site "Paracin"]
[Date "2018.07.07"]
[Round "3"]
[White "Bratkovic, Jakob"]
[Black "Petrov, Martin"]
[Result "0-1"]
[ECO "B94"]
[WhiteElo "2253"]
[BlackElo "2441"]
[Annotator "NA"]
[PlyCount "80"]
[EventDate "2018.07.06"]
[EventType "swiss"]
[EventCountry "SRB"]
[SourceTitle "playchess.com"]
[Source "ChessBase"]
[SourceQuality "1"]
[TimeControl "5400+30"]

1. e4 c5 2. Nf3 d6 3. d4 cxd4 4. Nxd4 Nf6 5. Nc3 a6 6. Bg5 Nbd7 7. f4 e5 8. fxe5 dxe5 9. Nf5 Qb6 10. Qd2 Qxb2 11. Rb1 Qa3 12. Rb3 Qc5 13. Be2 b5 14. Bf3 Bb7 15. Nd5 Bxd5 16. exd5 Rc8 17. Kd1 g6 18. Nh6 Be7 19. Re1 Kf8 20. d6 Bd8 21. Ree3 e4 22. Rbc3 Qxg5 23. Rxc8 Kg7 24. Nxf7 Kxf7 25. Bxe4 Nxe4 26. Rf3+ Ndf6 27. Qd4 Kg7 28. Qa7+ Kh6 29. Rh3+ Nh5 30. Qe3 Qxe3 31. Rxe3 Nxd6 32. Rc6 Nc4 33. Rh3 Kg7 34. Rxa6 Bb6 35. Rb3 Rd8+ 36. Ke1 Re8+ 37. Kd1 Bf2 38. c3 Re1+ 39. Kc2 Re2+ 40. Kd3 Nf4# {[%emt 0:00:05] Kd4} 0-1